AoeStats
← Zuwordo!

MegaRandom

509271105Analyzed
4v4 RM · 7d ago on Sep 26, 2026· 39m 14s· 8 players
Game mode
Random Map
Map size
Large (8 player)
Population
200
Speed
Normal
Resources
Standard
Victory
Conquest
Starting age
Dark Age
Ending age
Imperial Age
RankedLock teamsTeams togetherTeam positionsShared explorationLock speedFull tech treeHidden civsTurbo modeCheats
Victory
Defeat
🇨🇱 Vikings · Chile
1143
+12
🇨🇱 Koreans · Chile
1031
+16
🇨🇱 Spanish · Chile
1018
+17
🇨🇱 Khmer · Chile
1010
+17
🇨🇱 Byzantines · Chile
1251
-24
🇨🇱 Italians · Chile
1068
-17
🇲🇽 Teutons · Mexico
937
-11
🇨🇱 Japanese · Chile
892
-10
Black
9:34 Loom
12:14 Feudal Age
17:11 Castle Age
15:18 Double-Bit Axe
17:19 Horse Collar
19:10 Forging
22:12 Wheelbarrow
21:41 Husbandry
24:21 Iron Casting
27:30 Fletching
28:11 Stone Mining
28:35 Bow Saw
29:02 Hand Cart
29:32 Scale Barding Armor
31:36 Chain Barding Armor
34:23 Gold Mining
35:45 Padded Archer Armor
35:54 Elite Skirmisher
39:12 Imperial Age
37:31 Leather Archer Armor
wowmiqui
11:56 Feudal Age
12:46 Double-Bit Axe
16:24 Fletching
17:47 Wheelbarrow
17:11 Horse Collar
17:53 Gold Mining
25:28 Castle Age
23:51 Padded Archer Armor
24:34 Town Watch
26:10 Crossbowman
26:59 Pikeman
27:39 Squires
33:24 Scale Mail Armor
37:03 Gold Shaft Mining
eljeringas
5:51 Loom
12:25 Feudal Age
13:42 Double-Bit Axe
14:39 Horse Collar
23:25 Castle Age
22:56 Bloodlines
25:32 Bow Saw
25:25 Heavy Plow
25:38 Gold Mining
30:36 Wheelbarrow
33:27 Hand Cart
32:58 Town Watch
33:20 Stone Mining
PNAL | Kush
2:51 Loom
13:04 Feudal Age
13:39 Double-Bit Axe
17:28 Castle Age
17:51 Gold Mining
19:45 Wheelbarrow
19:22 Horse Collar
25:23 Hand Cart
25:54 Pikeman
27:26 Bow Saw
27:29 Town Watch
28:48 Fervor
30:41 Squires
30:42 Scale Mail Armor
31:43 Redemption
32:49 Chain Mail Armor
Elfo Noaudiologo
9:53 Loom
13:35 Feudal Age
22:42 Castle Age
20:29 Double-Bit Axe
21:42 Horse Collar
22:33 Gold Mining
22:49 Padded Archer Armor
24:19 Bow Saw
25:02 Husbandry
25:12 Bloodlines
25:57 Leather Archer Armor
28:53 Wheelbarrow
28:23 Inquisition
28:56 Town Watch
32:53 Stone Mining
34:02 Ballistics
38:45 Hand Cart
RedLaig
13:44 Feudal Age
17:58 Castle Age
16:22 Double-Bit Axe
16:32 Horse Collar
17:44 Stone Mining
18:41 Wheelbarrow
18:58 Husbandry
23:16 Gold Mining
26:46 Scale Barding Armor
27:31 Forging
29:05 Bloodlines
36:55 Light Cavalry
Rolandreso
12:52 Feudal Age
11:10 Loom
14:31 Wheelbarrow
13:50 Stone Mining
13:43 Horse Collar
19:02 Castle Age
21:35 Double-Bit Axe
23:38 Hand Cart
23:24 Town Watch
24:17 Heavy Plow
24:30 Scale Mail Armor
24:24 Fletching
24:54 Gold Mining
25:40 Stone Shaft Mining
31:42 Imperial Age
29:55 Gold Shaft Mining
31:48 Ballistics
31:10 Light Cavalry
34:10 Chemistry
32:53 Capped Ram
39:01 Murder Holes
Zuwordo!
0:39 Loom
11:52 Feudal Age
12:36 Double-Bit Axe
12:45 Horse Collar
21:08 Castle Age
19:52 Man-at-Arms
20:18 Arson
20:34 Scale Mail Armor
22:01 Forging
23:19 Chain Mail Armor
22:48 Long Swordsman
22:49 Pikeman
25:52 Heavy Plow
29:49 Bow Saw
32:19 Squires
34:37 Crossbowman
35:08 Fletching
35:19 Padded Archer Armor
36:41 Bodkin Arrow
37:01 Leather Archer Armor
Connection lost

Rejoining the realm…

Still unreachable

The connection could not be restored.

Session expired

The server has moved on; the page needs a fresh start.